 Dungeon Sprint DCSS version bcrawl-1.36.5b (webtiles) character file.

Game seed: 6399079239258908404

1148271 ImASeal the Grappler (level 8, -4/78 HPs)
             Began as a Centaur Martial Artist on Sept 1, 2022.
             Was a High Priest of Wu Jian.
             Slain by a shadow wraith (23 damage)
             ... in the Dungeon (Sprint V: "Ziggurat Sprint").
             The game lasted 00:09:11 (248 turns).

ImASeal the Grappler (Centaur Martial Artist)        Turns: 248, Time: 00:09:11

Health: -4/78      AC: 31    Str: 25    XL:     8   Next: 29%
Magic:  9/9        EV:  0    Int:  9    God:    Wu Jian [*****.]
Gold:   0          SH: 28    Dex:  8    Spells: 8/9 levels left

rFire    + . .     GDR:     24% K - +8 lance "Wyrmbane" {slay drac, rPois rF+ rC+ AC+3}
rCold    + . .     SeeInvis .   F - +18 shield of the Gong {rElec rN+ MR+ EV-5}
rNeg     + + +     Gourm    .   E - +15 Maxwell's patent armour {-Cast -Tele rElec MR+ rCorr}
rPois    +         Faith    .   W - +2 helmet of Tecsokhlo {+Blink rN++ Dex-4}
rElec    +         Spirit   .   (no cloak)
rCorr    +         Reflect  .   (no gloves)
MR       ++...     NoTele   +   (no barding) Stlth ..........NoCast +
                                (no amulet)
HPRegen  0.23/turn              t - ring "Kofemur" {+Fly Slay+3}
MPRegen  0.11/turn              y - +6 ring of strength

@: slowed
A: large, hooves 3, deformed body, herbivore, speed 2, tough skin 3
a: Wall Jump, Serpent's Lash, Heavenly Storm, Renounce Religion, Evoke Blink,
Evoke Flight


You were in the Dungeon.
You worshipped Wu Jian.
Wu Jian was extremely pleased with you.
You were not hungry.

You visited 1 branch

Inventory:

Hand Weapons
 C - the +9 heavy crossbow "Sniper" {velocity, Acc+∞ SInv}
   (You found it in the Dungeon)

   Any bolt fired from it inflicts extra damage.
   It lets you see invisible.
 D - the +10 dark maul {crush}
   (You found it in the Dungeon)

   It will always inflict at least some extra damage.
   This minimum extra damage increases with your current reserve of magical
   power.
 G - the cursed +14 obsidian axe {chop, +Fly SInv *Curse}
   (You found it in the Dungeon)

   It will always inflict at least some extra damage.
   This minimum extra damage increases with your current reserve of magical
   power.
   It lets you see invisible.
   It lets you fly.
   It curses itself when equipped.
   It has a curse placed upon it.
   Wu Jian disapproves of the use of such an item.
 H - the +7 great mace "Firestarter" {inner flame, rF++}
   (You found it in the Dungeon)

   It has been specially enchanted to surge with flame as it hits, increasing
   damage dealt by approximately one third against foes not resistant or
   susceptible to fire.
   It greatly protects you from fire.
 I - the +0 shillelagh "Devastator" {shatter, Stlth+}
   (You found it in the Dungeon)

   It makes you more stealthy.
 J - the +8 plutonium sword {irradiate, *Contam MR+ Stlth-}
   (You found it in the Dungeon)

   It affects your resistance to hostile enchantments.
   It causes magical contamination when unequipped.
   It makes you less stealthy.
 K - the +8 lance "Wyrmbane" (weapon) {slay drac, rPois rF+ rC+ AC+3}
   (You found it in the Dungeon)

   It affects your AC (+3).
   It protects you from fire.
   It protects you from cold.
   It protects you from poison.
 N - the +0 sword of Power
   (You found it in the Dungeon)
 O - the +7 mace of Variability {chain chaos}
   (You found it in the Dungeon)

   Each time it hits an enemy it has a different, random effect.
   Wu Jian disapproves of the use of such an item.
 P - the +7 Singing Sword {slice}
   (You found it in the Dungeon)

   It will always inflict at least some extra damage.
   This minimum extra damage increases with your current reserve of magical
   power.
 Q - the +7 longbow "Piercer" {penet, EV-2}
   (You found it in the Dungeon)

   Ammo fired by it will pass through the targets it hits, potentially hitting
   all targets in its path until it reaches its maximum range.
   It affects your evasion (-2).
 V - the +4 long sword "Xom's Entertainment" {slice, Str+3 Stlth+}
   (You found it in the Dungeon)

   It will always inflict at least some extra damage.
   This minimum extra damage increases with your current reserve of magical
   power.
   It affects your strength (+3).
   It makes you more stealthy.
Armour
 E - the +15 Maxwell's patent armour (worn) {-Cast -Tele rElec MR+ rCorr}
   (You found it in the Dungeon)

   It insulates you from electricity.
   It affects your resistance to hostile enchantments.
   It prevents spellcasting.
   It prevents most forms of teleportation.
   It provides partial protection from all sources of acid and corrosion.
 F - the +18 shield of the Gong (worn) {rElec rN+ MR+ EV-5}
   (You found it in the Dungeon)

   It affects your evasion (-5).
   It insulates you from electricity.
   It protects you from negative energy.
   It affects your resistance to hostile enchantments.
 U - the +1 ring mail of Ziuck {rPois rF+ Dex-4}
   (You found it in the Dungeon)

   It affects your dexterity (-4).
   It protects you from fire.
   It protects you from poison.
 W - the +2 helmet of Tecsokhlo (worn) {+Blink rN++ Dex-4}
   (You found it in the Dungeon)

   It affects your dexterity (-4).
   It greatly protects you from negative energy.
   It lets you blink.
Jewellery
 t - the ring "Kofemur" (left hand) {+Fly Slay+3}
   (You found it in the Dungeon)

   [ring of flight]

   It affects your accuracy and damage with ranged weapons and melee attacks
   (+3).
   It lets you fly.
 u - a +6 ring of dexterity
 v - a +6 ring of dexterity
 w - a +6 ring of intelligence
 x - a +6 ring of intelligence
 y - a +6 ring of strength (right hand)
 z - a +6 ring of strength
Wands
 R - a wand of disintegration (7)
 S - a wand of iceblast (7)
 T - a wand of acid (7)
Scrolls
 a - 4 scrolls of enchant armour
 i - 5 scrolls of identify
 o - 4 scrolls of amnesia
 p - 7 scrolls of fog
 q - 4 scrolls of blinking
 r - 5 scrolls of remove curse
 s - 2 scrolls of fear
Potions
 b - 6 potions of agility
 c - 9 potions of heal wounds
 d - 10 potions of curing
 f - 6 potions of haste
 g - 7 potions of magic
 h - 3 potions of berserk rage
 j - 2 potions of brilliance
 k - 2 potions of invisibility
 l - 4 potions of resistance
 n - 5 potions of might
Miscellaneous
 A - a lightning rod (4/4)
 B - a sack of spiders
Comestibles
 e - 9 rations {!d}


   Skills:
 + Level 9.6 Fighting
 + Level 4.4 Maces & Flails
 + Level 5.8 Polearms
 + Level 4.2 Armour
 + Level 5.5 Dodging
 + Level 0.5 Stealth
 + Level 5.0 Shields
 + Level 11.0 Unarmed Combat
 + Level 1.0 Spellcasting
 + Level 0.8 Hexes


You had 8 spell levels left.
You knew the following spells:

 Your Spells              Type           Power        Failure   Level  Hunger
a - Confusing Touch       Hex            #.......     100%        1    None
Your spell library was empty.

Dungeon Overview and Level Annotations

Branches:
Dungeon (1/1)

Altars:
Ashenzari
Cheibriados
Dithmenos
Elyvilon
Fedhas
Gozag
Hepliaklqana
Kikubaaqudgha
Lugonu
Makhleb
Nemelex Xobeh
Okawaru
Qazlal
Ru
Sif Muna
Trog
Uskayaw
Vehumet
Wu Jian
Xom
Yredelemnul
Zin
The Shining One
Jiyva

Annotations:
D 1 transporter


Innate Abilities, Weirdness & Mutations

You have hooves in place of feet.
Armour fits poorly on your strangely shaped body.
You are a herbivore.
You cover ground very quickly.
You have extremely tough skin. (AC +3)


Message History

GONNNNG!
You puncture the iron imp!
The iron imp is almost dead.
Something hits you but does no damage. You block the iron imp's attack.
GONNNNG!
You puncture the iron imp!
You kill the iron imp!
The Council accepts your kill. Something hits you!!
Something drains your vigour!
You feel as though you will be slow longer.
Something hits you!!
* * * LOW HITPOINT WARNING * * *
Something drains your vigour!
You feel as though you will be slow longer.
Your Shields skill increases to level 5!
You hit something. You kick something! Something hits you but does no damage.
Something hits you.
* * * LOW HITPOINT WARNING * * *
You closely miss something. You kick something! Something hits you!!
You die...

▓.))).▓.†.†.▓.....▓
▓.....▓.....▓..©..▓
▓..©..▓..©..▓▓▓▓▓▓▓
▓▓▓▓▓▓▓▓▓▓▓▓▓▓▓▓▓▓▓
▓..8©8...▓..8©8...▓
▓...=:...▓..}=....▓
▓........▓..:.)...▓
▓........▓....)...▓
▓........▓...{@...▓
▓....†...▓.▓....▓.▓
▓...©....▓...©....▓
▓▓▓▓▓▓▓▓▓▓▓▓▓▓▓▓▓▓▓


There were no monsters in sight!

Vanquished Creatures
  A yaktaur (D)
  2 merfolk (D)
  A tarantella (D)
  A necrophage (D)
  3 centaurs (D)
  2 scorpions (D)
  A quasit (D)
  An iron imp (D)
  2 shadow imps (D)
  2 adder skeletons (D)
  A quokka skeleton (D)
17 creatures vanquished.

Vanquished Creatures (others)
  A spatial maelstrom (D)
1 creature vanquished.

Grand Total: 18 creatures vanquished

Notes
Turn   | Place    | Note
-------+----------+-------------------------------------------
     0 | D        | ImASeal the Centaur Martial Artist began the quest for the
                  | Orb.
     0 | D        | Reached XP level 1. HP: 19/19 MP: 2/2
     2 | D        | Found a shimmering blue altar of Sif Muna.
     2 | D        | Found a bloodstained altar of Trog.
     2 | D        | Found a sacrificial altar of Ru.
     2 | D        | Found a stormy altar of Qazlal.
     2 | D        | Found an iron altar of Okawaru.
     3 | D        | Found a sparkling altar of Nemelex Xobeh.
     3 | D        | Found a blossoming altar of Fedhas.
     4 | D        | Found the +6 Majin-Bo {vamp, *Drain Str+12 Int+24}
     4 | D        | Found the +9 heavy crossbow "Sniper" {velocity, Acc+∞ SInv}
     4 | D        | Found the +10 dark maul {crush}
     4 | D        | Found the +15 Maxwell's patent armour {-Cast -Tele rElec
                  | MR+ rCorr}
     4 | D        | Found the +18 shield of the Gong {rElec rN+ MR+ EV-5}
     4 | D        | Found the cursed +14 obsidian axe {chop, +Fly SInv *Curse}
     4 | D        | Found the +7 great mace "Firestarter" {inner flame, rF++}
     4 | D        | Found the +0 shillelagh "Devastator" {shatter, Stlth+}
     4 | D        | Found the +8 plutonium sword {irradiate, *Contam MR+
                  | Stlth-}
     4 | D        | Found the +8 lance "Wyrmbane" {slay drac, rPois rF+ rC+
                  | AC+3}
     4 | D        | Found the +9 sword of Zonguldrok {reap}
     4 | D        | Found the cursed +13 scythe of Curses {drain, *Curse}
     4 | D        | Found the +0 sword of Power
     4 | D        | Found the +7 mace of Variability {chain chaos}
     4 | D        | Found the +7 Singing Sword {slice}
     4 | D        | Found the +7 longbow "Piercer" {penet, EV-2}
     5 | D        | Found a transporter.
     5 | D        | Found an ancient bone altar of Kikubaaqudgha.
     5 | D        | Found a viscous altar of Jiyva.
     5 | D        | Found a corrupted altar of Lugonu.
     5 | D        | Found a hazy altar of Hepliaklqana.
     5 | D        | Found a burning altar of Makhleb.
     5 | D        | Found an opulent altar of Gozag.
     5 | D        | Banished a spatial maelstrom
    12 | D        | Got the ring "Kofemur" {+Fly Slay+3}
    69 | D        | Reached skill level 5 in Fighting
    69 | D        | Reached XP level 2. HP: 30/30 MP: 3/3
    91 | D        | Entered arena 2.
    91 | D        | Noticed a merfolk
    91 | D        | Noticed a merfolk
    91 | D        | Found a transporter.
    98 | D        | Killed a merfolk
    99 | D        | Reached skill level 1 in Polearms
    99 | D        | Reached skill level 1 in Shields
    99 | D        | Reached skill level 8 in Unarmed Combat
    99 | D        | Reached XP level 3. HP: 8/39 MP: 4/4
    99 | D        | Reached XP level 4. HP: 10/47 MP: 5/5
    99 | D        | Reached XP level 5. HP: 11/52 MP: 6/6
   109 | D        | Killed a merfolk
   110 | D        | Reached skill level 9 in Unarmed Combat
   110 | D        | Reached XP level 6. HP: 45/61 MP: 7/7
   112 | D        | Got the cursed +1 chain mail of the Monkey's Uncle {rN+}
   115 | D        | Got the +1 ring mail of Ziuck {rPois rF+ Dex-4}
   158 | D        | Entered arena 3.
   158 | D        | Noticed a tarantella
   158 | D        | Found a transporter.
   162 | D        | Killed a tarantella
   162 | D        | Reached ** piety under Wu Jian
   163 | D        | Reached skill level 5 in Dodging
   163 | D        | Reached skill level 10 in Unarmed Combat
   163 | D        | Reached XP level 7. HP: 69/69 MP: 8/8
   171 | D        | Got the +4 long sword "Xom's Entertainment" {slice, Str+3
                  | Stlth+}
   173 | D        | Got the +2 helmet of Tecsokhlo {+Blink rN++ Dex-4}
   188 | D        | Entered arena 4.
   188 | D        | Noticed a yaktaur
   188 | D        | Found a transporter.
   196 | D        | Killed a yaktaur
   196 | D        | Reached *** piety under Wu Jian
   197 | D        | Reached skill level 5 in Polearms
   197 | D        | Reached XP level 8. HP: 72/78 MP: 9/9
   216 | D        | Entered arena 5.
   216 | D        | Found a transporter.
   221 | D        | Reached **** piety under Wu Jian
   222 | D        | Reached skill level 11 in Unarmed Combat
   236 | D        | Entered arena 6.
   236 | D        | Found a transporter.
   243 | D        | Reached ***** piety under Wu Jian
   247 | D        | Reached skill level 5 in Shields
   248 | D        | Slain by a shadow wraith

Skill      XL: |  1  2  3  4  5  6  7  8 |
---------------+-------------------------+-----
Fighting       | 5 7 8 9 |  9.6
Maces & Flails | 4 |  4.4
Armour         | 3 4 |  4.2
Polearms       | 1 3 5 |  5.8
Dodging        | 3 4 5 |  5.5
Shields        | 1 2 3 4 5 |  5.0
Unarmed Combat | 8 9 10 11 | 11.0
Stealth        | |  0.5
Spellcasting   | |  1.0
Hexes          | |  0.8

Action                   |  1- 3 |  4- 6 |  7- 9 || total
-------------------------+-------+-------+-------++-------
Melee: Lance             |     7 |    13 |    33 ||    53
       Kick              |     1 |     1 |    11 ||    13
Invok: Lunge             |     1 |       |       ||     1
  Use: Potion            |     1 |     1 |       ||     2
Armor: Plate armour      |       |     3 |    11 ||    14
Block: Medium shield     |    11 |    14 |    39 ||    64
